 Dungeon Crawl Stone Soup version 0.25-a0-290-g4a1327ee3a (webtiles) character file.

Game seed: 6506909196985389087, levelgen mode: classic

6522 Borgoz the Cleaver (level 10, -1/93 HPs)
             Began as a Minotaur Gladiator on Dec 14, 2019.
             Was a Believer of Ashenzari.
             Killed from afar by Jorgrun (23 damage)
             ... with an iron shot
             ... while petrified by Jorgrun
             ... on level 1 of the Orcish Mines.
             The game lasted 00:12:32 (9743 turns).

Borgoz the Cleaver (Minotaur Gladiator)             Turns: 9743, Time: 00:12:33

Health: -1/93      AC: 18    Str: 23    XL:     10   Next: 69%
Magic:  9/9        EV:  2    Int:  7    God:    Ashenzari [**....]
Gold:   472        SH:  0    Dex: 15    Spells: 9/9 levels left

rFire    . . .     SeeInvis .   a - +0 war axe (curse)
rCold    . . .     Gourm    .   (no shield)
rNeg     + + +     Faith    .   u - +6 scale mail of the Thirteen Eyes {Str+2 Int+2 Dex-3} (curse)
rPois    ∞         Spirit   .   E - +2 hat
rElec    .         Reflect  .   (no cloak)
rCorr    +         Harm     .   r - +0 pair of gloves
MR       .....                  (no boots)
Stlth    ..........             (no amulet)
HPRegen  0.25/turn              v - ring of resist corrosion
MPRegen  0.11/turn              (no ring)

@: confused, agile, petrified, hasted
A: retaliatory headbutt, horns 2
a: Curse Item, Scrying, Renounce Religion


You were on level 1 of the Orcish Mines.
You worshipped Ashenzari.
Ashenzari was pleased with you.
You were not hungry.

You visited 4 branches of the dungeon, and saw 13 of its levels.

You collected 472 gold pieces.

Inventory:

Hand Weapons
 a - a cursed +0 war axe (weapon)
Missiles
 d - 3 throwing nets (quivered)
Armour
 r - a +0 pair of gloves (worn)
 u - the cursed +6 scale mail of the Thirteen Eyes (worn) {Str+2 Int+2 Dex-3}
   (You found it on level 8 of the Dungeon)

   It affects your strength (+2).
   It affects your intelligence (+2).
   It affects your dexterity (-3).
   It has a curse placed upon it.
 E - a +2 hat (worn)
Jewellery
 v - a ring of resist corrosion (left hand)
 x - an uncursed ring of wizardry
 y - an uncursed ring of ice
Wands
 e - a wand of iceblast (5)
 w - a wand of acid (21)
 B - a wand of paralysis (10)
 G - a wand of disintegration (13)
 I - a wand of polymorph (5)
Scrolls
 h - 2 scrolls of noise {unknown}
 j - 4 scrolls of magic mapping {unknown}
 k - a scroll of blinking {unknown}
 l - a scroll of enchant armour {unknown}
 m - 2 scrolls of fear {unknown}
 n - 2 scrolls of remove curse
 q - 6 scrolls of teleportation
 t - a scroll of enchant weapon {unknown}
 z - a scroll of amnesia {unknown}
 D - 2 scrolls of fog {unknown}
 H - a scroll of random uselessness {unknown}
Potions
 c - a potion of flight
 p - 2 potions of brilliance
 s - 2 potions of curing
 A - 2 potions of haste
 C - a potion of mutation
 F - 2 potions of cancellation
Comestibles
 f - 15 rations
 g - 2 chunks of flesh


   Skills:
 + Level 10.1 Fighting
 + Level 10.4(12.5) Axes
 - Level 2.0 Throwing
 + Level 9.7 Armour
 + Level 9.6 Dodging


You had 9 spell levels left.
You didn't know any spells.
Your spell library contained the following spells:

 Spells                   Type           Power        Failure   Level  Hunger
 Beastly Appendage        Tmut           #.....       69%         1    ##.....
 Shock                    Conj/Air       #...         69%         1    ##.....
 Summon Butterflies       Summ           #.......     69%         1    ##.....
 Sticks to Snakes         Tmut           #.......     83%         2    ###....
 Swiftness                Chrm/Air       #.......     83%         2    ###....
 Call Canine Familiar     Summ           #.......     96%         3    ####...
 Spider Form              Tmut/Pois      #.........   96%         3    ####...
 Static Discharge         Conj/Air       #.......     96%         3    ####...
 Airstrike                Air            #.........   100%        4    #####..
 Cause Fear               Hex            #.........   100%        4    #####..
 Ice Form                 Ice/Tmut       #.......     100%        4    #####..
 Summon Ice Beast         Ice/Summ       #.......     100%        4    #####..
 Blade Hands              Tmut           #.........   100%        5    ######.
 Lightning Bolt           Conj/Air       #.........   100%        5    ######.
 Silence                  Hex/Air        #.........   100%        5    ######.
 Summon Mana Viper        Hex/Summ       #.......     100%        5    ######.
 Yara's Violent Unravell  Hex/Tmut       #.........   100%        5    ######.
 Deflect Missiles         Chrm/Air       #.........   100%        6    #######
 Summon Hydra             Summ           #.........   100%        7    #######
 Discord                  Hex            #.........   100%        8    #######


Dungeon Overview and Level Annotations

Branches:
Dungeon (10/15)            Temple (1/1) D:7            Lair (1/6) D:8
    Orc (1/2) D:10

Altars:
Ashenzari
Cheibriados
Dithmenos
Elyvilon
Fedhas
Gozag
Hepliaklqana
Kikubaaqudgha
Makhleb
Nemelex Xobeh
Okawaru
Qazlal
Ru
Sif Muna
Trog
Uskayaw
Vehumet
Wu Jian
Xom
Yredelemnul
Zin
The Shining One

Annotations:
D:10 2 runed translucent doors, TheNamelessOne's ghost, journeyman OpFi
Orc:1 Jorgrun


Innate Abilities, Weirdness & Mutations

You reflexively headbutt those who attack you in melee.
You have a pair of horns on your head.


Message History

Jorgrun points at you and mumbles some strange words.
You are slowing down.
* * * LOW HITPOINT WARNING * * *
The grasping roots constrict you.
You escape the roots' grasp.
Jorgrun says, "I've ne'er se'n tha particular type o' rock formation 'fore."
Jorgrun hits you with an uncursed staff of earth.
* * * LOW HITPOINT WARNING * * *
Jorgrun crushes you!
* * * LOW HITPOINT WARNING * * *
Your limbs are stiffening.
Found 20 gold pieces.
You bump into the rock wall.
Jorgrun hits you with an uncursed staff of earth!
* * * LOW HITPOINT WARNING * * *
You have turned to stone.
Jorgrun hits you but does no damage. Jorgrun gestures at you while chanting.
The iron shot hits you!!!
You die...

# ### ##.##<##
#..[.g@#
#...)..#
##......#
........##
..$.......
.....##.....
#.... .......
.....$.....##.


You could see Jorgrun.

Vanquished Creatures
  A cyclops (D:9)
  An elephant (D:8)
  A hornet (D:8)
  2 hippogriffs
  A yak (D:8)
  A basilisk (D:8)
  Grum (D:8)
  Edmund (D:5)
  An orc warrior (D:10)
  A black bear (D:9)
  3 sky beasts
  An ice beast (D:10)
  2 ogres (D:9)
  4 wolves (D:8)
  3 crocodiles
  4 centaurs
  3 big kobolds
  2 bullfrogs
  A scorpion (D:9)
  17 killer bees
  9 howler monkeys
  3 crimson imps
  5 hounds
  A quasit (D:8)
  2 bullfrog zombies
  A centaur zombie (D:9)
  4 jellies
  4 orc priests
  2 centaur skeletons
  6 orc wizards
  3 iguanas
  10 worker ants
  2 hound skeletons
  Robin (D:2)
  10 adders
  A shadow imp (D:5)
  3 oozes
  2 dart slugs
  3 worms
  4 leopard geckos
  28 orcs
  5 ball pythons
  5 bats
  4 giant cockroaches
  11 goblins
  13 hobgoblins
  7 jackals
  30 kobolds
  5 quokkas
  4 frilled lizards
  A quokka skeleton (D:4)
  5 rats
245 creatures vanquished.

Vanquished Creatures (others)
  A fungus (D:8)
1 creature vanquished.

Grand Total: 246 creatures vanquished

Notes
Turn   | Place    | Note
-------+----------+-------------------------------------------
     0 | D:1      | Borgoz the Minotaur Gladiator began the quest for the Orb.
     0 | D:1      | Reached XP level 1. HP: 18/18 MP: 0/0
   171 | D:1      | Reached XP level 2. HP: 17/25 MP: 1/1
   500 | D:1      | Reached skill level 1 in Armour
  1279 | D:2      | Reached XP level 3. HP: 29/31 MP: 2/2
  1373 | D:2      | Found a snail-covered altar of Cheibriados.
  1453 | D:2      | Noticed Robin
  1463 | D:2      | Reached XP level 4. HP: 19/38 MP: 3/3
  1464 | D:2      | Killed Robin
  2455 | D:3      | Reached XP level 5. HP: 44/46 MP: 4/4
  2505 | D:3      | Found a glowing silver altar of Zin.
  2936 | D:4      | Reached skill level 5 in Axes
  3025 | D:4      | Found a shattered altar of Ashenzari.
  3030 | D:4      | Found an ancient bone altar of Kikubaaqudgha.
  3036 | D:4      | Found an opulent altar of Gozag.
  3095 | D:4      | Became a worshipper of Ashenzari the Shackled
  3164 | D:4      | Found an ornate altar of the Wu Jian Council.
  3167 | D:4      | Reached XP level 6. HP: 51/52 MP: 5/5
  3995 | D:4      | Reached skill level 5 in Dodging
  4425 | D:5      | Entered Level 5 of the Dungeon
  4484 | D:5      | Reached skill level 5 in Fighting
  4484 | D:5      | Reached XP level 7. HP: 48/61 MP: 6/6
  4529 | D:5      | Noticed Edmund
  4547 | D:5      | Killed Edmund
  4625 | D:5      | Found a hazy altar of Hepliaklqana.
  4799 | D:5      | Found a sacrificial altar of Ru.
  4980 | D:6      | Reached skill level 5 in Armour
  5226 | D:6      | Reached * piety under Ashenzari
  5510 | D:7      | Reached XP level 8. HP: 69/70 MP: 7/7
  5634 | D:7      | HP: 1/70 [killer bee (8)]
  6122 | D:7      | Noticed a hippogriff
  6128 | D:7      | Killed a hippogriff
  6274 | D:7      | Found a shadowy altar of Dithmenos.
  6481 | D:7      | Found a stormy altar of Qazlal.
  6518 | D:7      | Found a staircase to the Ecumenical Temple.
  6530 | Temple   | Entered the Ecumenical Temple
  6674 | D:8      | Got the uncursed scale mail of the Thirteen Eyes {Str+2
                  | Int+2 Dex-3}
  6685 | D:8      | Identified the +6 scale mail of the Thirteen Eyes {Str+2
                  | Int+2 Dex-3} (You found it on level 8 of the Dungeon)
  6815 | D:8      | Reached XP level 9. HP: 79/79 MP: 8/8
  6855 | D:8      | Noticed Grum
  6871 | D:8      | Killed Grum
  7014 | D:8      | Noticed an elephant
  7025 | D:8      | Killed an elephant
  7174 | D:8      | Found a staircase to the Lair.
  7184 | Lair:1   | Entered Level 1 of the Lair of Beasts
  7450 | D:8      | Reached XP level 10. HP: 73/91 MP: 9/9
  7457 | D:8      | Found a shimmering blue altar of Sif Muna.
  7462 | D:8      | Found a sparkling altar of Nemelex Xobeh.
  7464 | D:8      | Found a burning altar of Makhleb.
  8390 | D:9      | Noticed a cyclops
  8398 | D:9      | Killed a cyclops
  8500 | D:9      | Reached skill level 10 in Axes
  9073 | D:10     | Entered Level 10 of the Dungeon
  9294 | D:10     | Reached skill level 10 in Fighting
  9359 | D:10     | Found a staircase to the Orcish Mines.
  9368 | D:10     | Found a large runed translucent door.
  9368 | D:10     | Found a large runed translucent door.
  9370 | D:10     | Noticed TheNamelessOne's ghost (journeyman OpFi)
  9543 | D:10     | Reached ** piety under Ashenzari
  9697 | Orc:1    | Entered Level 1 of the Orcish Mines
  9701 | Orc:1    | Noticed Jorgrun
  9743 | Orc:1    | Killed from afar by Jorgrun

Levels and vault maps discovered:
D:1:      roderic_dead_forest, layout_basic
D:2:      layout_rooms, kennysheep_slug_shrine, nrook_mini_backslash,
          supply_closet_lemuel, uniq_robin
D:3:      layout_rooms, zin_statuary
D:4:      layout_basic, minmay_overflow_temple_star_quad, first_ration,
          kennysheep_donut, minmay_ruined_shrine
D:5:      layout_rooms, nicolae_ru_awakened_eye, nicolae_overflow_hidden_temple,
          uniq_edmund
D:6:      layout_rooms
D:7:      layout_basic, kennysheep_mini_moat, marbit_many_paths,
          minmay_temple_entry_poolview, kennysheep_crisscross
D:8:      layout_cave_pods, minitemple, david_lair_generic, uniq_grum
D:9:      layout_loops_ring
D:10:     layout_cave_pools, orc_0_dummy, ebering_ghost_disaster_area
Temple:   zaba_magenta_temple
Lair:1:   layout_cave_pods, beast_lair_carwin_7, grunt_megastairs_3,
          minmay_lair_oklob_chamber, uniq_nergalle
Orc:1:    layout_caves, serial_shops, shop, bloody_trog, uniq_jorgrun

Skill      XL: |  1  2  3  4  5  6  7  8  9 10 |
---------------+-------------------------------+-----
Armour         | 1 2 3 4 5 6 8 9 |  9.7
Axes           | 4 5 6 7 9 10 | 10.4
Fighting       | 3 4 5 6 7 9 10 | 10.1
Dodging        | 4 5 6 7 8 9 |  9.6
Throwing       | |  2.0

Action                   |  1- 3 |  4- 6 |  7- 9 | 10-12 || total
-------------------------+-------+-------+-------+-------++-------
Melee: War axe           |    79 |   132 |   214 |   190 ||   615
       Headbutt          |    19 |    26 |    31 |    27 ||   103
Invok: Curse Item        |       |       |       |     2 ||     2
  Use: Scroll            |       |     6 |     4 |     3 ||    13
       Potion            |       |       |     5 |     6 ||    11
 Stab: Petrifying        |       |       |     1 |       ||     1
  Eat: Chunk             |     2 |     9 |    10 |     7 ||    28
Armor: Leather armour    |     6 |       |       |       ||     6
       Ring mail         |    29 |    58 |    63 |       ||   150
       Skin              |       |       |    12 |       ||    12
       Scale mail        |       |       |    64 |    91 ||   155
Dodge: Dodged            |    60 |    96 |   284 |   151 ||   591

Table legend:
 A = Non-vault XP
 B = Vault XP
 C = Vault XP percentage of total XP
 D = Non-vault monster count
 E = Vault monster count
 F = Vault count percentage of total count
                 A         B        C        D         E       F
            +---------+---------+-------+---------+---------+-------
      Total |    7093 |    2225 |  23.9 |     215 |      30 |  12.2
            +---------+---------+-------+---------+---------+-------
        D:1 |      28 |       0 |   0.0 |      16 |       0 |   0.0
        D:2 |      47 |      38 |  44.7 |      19 |      12 |  38.7
        D:3 |     110 |       0 |   0.0 |      23 |       0 |   0.0
        D:4 |     328 |     150 |  31.4 |      18 |       7 |  28.0
        D:5 |     234 |     158 |  40.3 |      11 |       1 |   8.3
        D:6 |     224 |       0 |   0.0 |      12 |       0 |   0.0
        D:7 |     972 |     255 |  20.8 |      19 |       1 |   5.0
        D:8 |    1669 |    1624 |  49.3 |      39 |       9 |  18.8
        D:9 |    2110 |       0 |   0.0 |      33 |       0 |   0.0
       D:10 |    1212 |       0 |   0.0 |      20 |       0 |   0.0
     Lair:1 |     107 |       0 |   0.0 |       1 |       0 |   0.0
      Orc:1 |      52 |       0 |   0.0 |       4 |       0 |   0.0
            +---------+---------+-------+---------+---------+-------
